 Dungeon Crawl Stone Soup version 0.24.0-125-gc4c63601f3 (webtiles) character file.

Game seed: 7712896417279723957, levelgen mode: deterministic

102 BuffBuff the Covered (level 4, 0/41 HPs)
             Began as a Minotaur Fighter on Mar 17, 2020.
             Succumbed to an orc wizard's poison
             ... on level 3 of the Dungeon.
             The game lasted 00:05:01 (1605 turns).

BuffBuff the Covered (Minotaur Fighter)             Turns: 1605, Time: 00:05:02

Health: 0/41       AC:  7    Str: 21    XL:     4   Next: 49%
Magic:  3/3        EV:  7    Int:  5    God:
Gold:   83         SH:  9    Dex: 10    Spells: 3/3 levels left

rFire    . . .     SeeInvis .   a - +1 long sword
rCold    . . .     Gourm    .   c - +0 shield
rNeg     . . .     Faith    .   b - +0 scale mail
rPois    .         Spirit   .   (helmet restricted)
rElec    .         Reflect  .   (no cloak)
rCorr    .         Harm     .   (no gloves)
MR       .....                  (no boots)
Stlth    ..........             (no amulet)
HPRegen  0.13/turn              (no ring)
MPRegen  0.08/turn              (no ring)

@: lethally poisoned (0 -> -4)
A: retaliatory headbutt, horns 2
a: no special abilities


You were on level 3 of the Dungeon.
You were hungry.

You visited 1 branch of the dungeon, and saw 3 of its levels.

You collected 83 gold pieces.

Inventory:

Hand Weapons
 a - a +1 long sword (weapon)
Missiles
 q - 8 poisoned darts (quivered)
Armour
 b - a +0 scale mail (worn)
 c - a +0 shield (worn)
Jewellery
 h - an uncursed ring of poison resistance {unknown}
 l - an uncursed ring of positive energy {unknown}
Scrolls
 j - a scroll of magic mapping {unknown}
 m - 4 scrolls of identify {unknown}
 n - a scroll of amnesia {unknown}
 p - a scroll of enchant weapon
 r - a scroll of fog {unknown}
 s - a scroll of blinking {unknown}
 t - 3 scrolls of teleportation {unknown}
Potions
 d - a potion of might
 e - a potion of agility {unknown}
 g - 2 potions of degeneration {unknown}
 i - a potion of berserk rage {unknown}
 k - a potion of mutation {unknown}
 o - 3 potions of brilliance {unknown}
Comestibles
 f - 5 rations


   Skills:
 + Level 4.4 Fighting
 + Level 3.6 Long Blades
 + Level 4.5 Armour
 + Level 4.4 Shields


You had 3 spell levels left.
You didn't know any spells.
Your spell library was empty.

Dungeon Overview and Level Annotations

Branches:
Dungeon (3/15)

Altars:
Qazlal

Portals:
Sewer: D:3


Innate Abilities, Weirdness & Mutations

You reflexively headbutt those who attack you in melee.
You have a pair of horns on your head.


Message History

You hit the orc wizard.
The orc wizard is lightly wounded.
The orc wizard hits you but does no damage.
You block the orc wizard's attack. The orc hits you with a +0 mace!
* * * LOW HITPOINT WARNING * * *
The worm bites you.
* * * LOW HITPOINT WARNING * * *
The adder bites you but does no damage.
You miss the orc wizard.
The orc wizard is lightly wounded.
The orc wizard barely misses you. You block the adder's attack.
You block the orc's attack.
The orc wizard hits you but does no damage.
You are poisoned.
The worm bites you.
* * * LOW HITPOINT WARNING * * *
As you read the scroll labeled CYEFEUTELO, it crumbles to dust.
It is a scroll of enchant weapon.
Your +0 long sword glows red for a moment.
You die...

.. ####. .#....######
.≈........# #≈≈≈≈≈##.#
.##≈≈≈≈≈##.#
.≈≈.....w†.########
.≈≈....@≈≈.)......#
.≈≈.≈∩ooS....####.#
.≈≈.....≈≈..#..##.######
.≈≈..≈..≈≈...#..........
.##≈≈.≈≈##..#####.#####.
#≈≈.≈≈##..# #.# #.
............ ..# #.
#.##...###### #### ##
.##


You could see a worm, an orc wizard, an adder and an orc.

Vanquished Creatures
  An adder (D:2)
  2 oozes (D:1)
  3 worms
  2 dart slugs (D:1)
  A leopard gecko (D:1)
  2 orcs (D:3)
  A ball python (D:3)
  6 bats
  10 goblins
  11 hobgoblins
  7 jackals
  A quokka (D:2)
  4 frilled lizards
  5 kobolds
  6 rats
62 creatures vanquished.

Notes
Turn   | Place    | Note
-------+----------+-------------------------------------------
     0 | D:1      | BuffBuff the Minotaur Fighter began the quest for the Orb.
     0 | D:1      | Reached XP level 1. HP: 19/19 MP: 0/0
    54 | D:1      | Reached XP level 2. HP: 25/27 MP: 1/1
   300 | D:1      | Reached XP level 3. HP: 33/33 MP: 2/2
  1005 | D:2      | Reached XP level 4. HP: 40/40 MP: 3/3
  1104 | D:2      | Found a stormy altar of Qazlal.
  1573 | D:3      | Found a glowing drain.
  1604 | D:3      | HP: 1/41 [worm (5)]
  1605 | D:3      | Succumbed to an orc wizard's poison

Levels and vault maps discovered:
D:1:      dpeg_arrival_fog, layout_loops_ring, minmay_misc_feat_plants
D:2:      layout_loops_corners, chequers_serial_rivers_micro_d,
          nicolae_qazlal_general_emergency
D:3:      minmay_spotlight, layout_loops_cross, first_ration,
          cheibrodos_sewer_entry_sluice

Skill      XL: |  1  2 |
---------------+-------+-----
Armour         | 4 |  4.5
Shields        | 4 |  4.4
Fighting       | 4 |  4.4
Long Blades    | 3 |  3.6

Action                   |  1- 3 |  4- 6 || total
-------------------------+-------+-------++-------
Melee: Long sword        |    93 |    55 ||   148
       Headbutt          |    19 |     8 ||    27
  Use: Scroll            |       |     1 ||     1
  Eat: Chunk             |       |     2 ||     2
Armor: Scale mail        |    43 |    21 ||    64
Dodge: Dodged            |    22 |    19 ||    41
Block: Shield            |    38 |    28 ||    66
       Rpst.: Long sword |     9 |     7 ||    16
